 Dungeon Crawl Stone Soup version 0.24.0-37-gcf1ca852f1 (console) character file.

Game seed: 14511170018322022684, levelgen mode: deterministic

13 AlterAsc the Insei (level 2, 0/18 HPs)
             Began as an Octopode Transmuter on Nov 27, 2019.
             Slain by an adder (4 damage)
             ... on level 1 of the Dungeon.
             The game lasted 00:01:10 (802 turns).

AlterAsc the Insei (Octopode Transmuter)             Turns: 802, Time: 00:01:11

Health: 0/18       AC:  1    Str:  9    XL:     2   Next: 37%
Magic:  4/5        EV: 13    Int: 15    God:
Gold:   64         SH:  0    Dex: 12    Spells: 2/5 levels left

rFire    . . .     SeeInvis .     - Unarmed
rCold    . . .     Gourm    .   (no shield)
rNeg     . . .     Faith    .   (helmet restricted)
rPois    .         Spirit   .   (no amulet)
rElec    .         Reflect  .   (no ring)
rCorr    .         Harm     .   (no ring)
MR       .....                  (no ring)
Stlth    ++........             (no ring)
HPRegen  0.06/turn              (no ring)
MPRegen  0.09/turn              (no ring)
                                (no ring)
                                (no ring)

@: appendage
A: almost no armour, stealthy swim, amphibious, 8 rings, constrict 8, tentacle
spike 3, camouflage 1, gelatinous body 1
a: End Transformation


You were on level 1 of the Dungeon.
You were not hungry.
One of your tentacles had a temporary spike.
You visited 1 branch of the dungeon, and saw 2 of its levels.

You collected 64 gold pieces.

Inventory:

Missiles
 a - 40 arrows
Jewellery
 i - a +1 ring of protection {unknown}
Scrolls
 b - 2 scrolls of remove curse {unknown}
 h - a scroll of magic mapping {unknown}
Potions
 d - a potion of invisibility {unknown}
 e - a potion of heal wounds {unknown}
 g - a potion of haste {unknown}
 j - a potion of resistance {unknown}
Comestibles
 c - 4 rations
 f - 4 chunks of flesh


   Skills:
 + Level 1.3 Fighting
 - Level 2.0 Dodging
 * Level 3.2 Unarmed Combat
 + Level 2.1 Spellcasting
 * Level 2.3 Transmutations


You had 2 spell levels left.
You knew the following spells:

 Your Spells              Type           Power        Failure   Level  Hunger
a - Beastly Appendage     Tmut           #.....       9%          1    #......
b - Sticks to Snakes      Tmut           #.......     13%         2    ###....

Your spell library contained the following spells:

 Spells                   Type           Power        Failure   Level  Hunger
 Spider Form              Tmut/Pois      #.........   38%         3    ###....
 Ice Form                 Ice/Tmut       #.......     80%         4    #####..
 Blade Hands              Tmut           #.........   93%         5    ######.


Dungeon Overview and Level Annotations

Branches:
Dungeon (2/15)

Altars:


Innate Abilities, Weirdness & Mutations

You cannot wear most types of armour.
You are very stealthy in the water. (Stealth+)
You are amphibious.
You can wear up to eight rings at the same time.
You can use your tentacles to constrict eight enemies at once.
Your skin changes colour to match your surroundings (Stealth+).
Your rubbery body absorbs attacks. (AC +1, EV +1)
One of your tentacles bears a large vicious spike.


Message History

You climb upwards.
There is a stone staircase leading down here.
Press: ? - help, v - describe, . - travel
Here: a hobgoblin, wielding a +0 club A stone staircase leading down.
You tentacle-slap the hobgoblin. Your grab misses the hobgoblin.
You pierce the hobgoblin.
You kill the hobgoblin!
You tentacle-slap the adder. Your grab misses the adder.
The adder is heavily wounded.
The adder barely misses you.
You closely miss the adder. You grab the adder.
You pierce the adder.
The adder is severely wounded.
You constrict the adder. The adder bites you.
* * * LOW HITPOINT WARNING * * *
The adder barely misses you.
You barely miss the adder.
You pierce the adder.
The adder is almost dead.
You constrict the adder. The adder bites you.
You die...

#.# #..♣P...PP..♣...#.# #.#
#..♣...P..PP♣...#..
#.#####..♣..PP..PP♣...###
#.#...#...♣♣♣♣♣♣♣♣♣......
#.#.###..............###.
#######.#....................#.
#.......####.........#######.#.
#.#....### #.#S#####.#######.#.
#.##.#..[# #.#@### #...........
#....#.#.# #.#...# #######.#...
######.#.###.###.###.....#.#...
#.....#.#...##..........#.#..#
#.###.#.#.####..####.####.####
#.....#.#.# #..####.####.#
#######.#.# #............#
#....#.####.#####.######
#.####......# #...#


You could see an adder.

Vanquished Creatures
  A worm (D:2)
  A leopard gecko (D:1)
  2 bats
  A goblin (D:1)
  A hobgoblin (D:1)
  A kobold (D:1)
  A rat (D:1)
8 creatures vanquished.

Notes
Turn   | Place    | Note
-------+----------+-------------------------------------------
     0 | D:1      | AlterAsc the Octopode Transmuter began the quest for the
                  | Orb.
     0 | D:1      | Reached XP level 1. HP: 13/13 MP: 3/3
   470 | D:1      | Reached XP level 2. HP: 17/18 MP: 5/5
   477 | D:1      | Learned a level 2 spell: Sticks to Snakes
   579 | D:2      | Found a faded altar of an unknown god.
   802 | D:1      | Slain by an adder

Levels and vault maps discovered:
D:1:      scummos_arrival_checkerplants, layout_basic
D:2:      layout_loops_ring, marbit_many_paths,
          chequers_ecumenical_altar_simple_redux, first_ration,
          serial_bayou_pond_e, trog_three_pillars_becter

Action                   || total
-------------------------++-------
Melee: Unarmed           ||    25
       Constrict         ||     5
       Kick              ||     8
 Cast: Beastly Appendage ||     4
 Stab: Sleeping          ||     2
Armor: Skin              ||     7
Dodge: Dodged            ||    25
